 Dungeon Crawl Stone Soup version bcrawl-1.21.3 (webtiles) character file.

Game seed: 9569317574806670555

16802 funkygono the Basher (level 12, -44/104 HPs)
             Began as a Minotaur Fighter on Apr 10, 2020.
             Was a Priest of the Shining One.
             Annihilated by an enormous slime creature (61 damage)
             ... on level 10 of the Dungeon.
             The game lasted 00:23:10 (9997 turns).

funkygono the Basher (Minotaur Fighter)             Turns: 9997, Time: 00:23:10

Health: -44/104    AC: 21    Str: 30    XL:     12   Next: 13%
Magic:  15/15      EV:  7    Int:  5    God:    the Shining One [***...]
Gold:   731        SH: 14    Dex: 11    Spells: 10/11 levels left

rFire    . . .     SeeInvis .   a - +1 flail
rCold    . . .     Gourm    .   c - +1 medium shield
rNeg     + . .     Faith    .   w - +0 plate armour
rPois    .         Spirit   .   (helmet restricted)
rElec    .         Reflect  .   q - +1 cloak
rCorr    +         Harm     .   x - +1 pair of gloves
MR       .....                  H - +0 pair of boots
Stlth    ..........             (no amulet)
HPRegen  0.27/turn              j - +5 ring of slaying
MPRegen  0.14/turn              B - ring of resist corrosion

@: mighty, glowing
A: retaliatory headbutt, horns 2
a: Divine Shield, Renounce Religion


You were on level 10 of the Dungeon.
You worshipped the Shining One.
The Shining One was most pleased with you.
You were not hungry.

You visited 2 branches of the dungeon, and saw 11 of its levels.
You also visited: Ossuary.

You collected 731 gold pieces.

Inventory:

Hand Weapons
 a - a +1 flail (weapon)
Missiles
 l - 527 bolts
 m - 1403 stones (quivered)
 C - a throwing net {!f}
Armour
 b - a +1 scale mail
 c - a +1 medium shield (worn)
 q - a +1 cloak (worn)
 w - a +0 plate armour (worn)
 x - a +1 pair of gloves (worn)
 H - a +0 pair of boots (worn)
 I - the cursed +0 ring mail "Kauxzis" {MR- MP+9 Int+7}
   (You took it off an orc on level 6 of the Dungeon)

   It affects your intelligence (+7).
   It affects your resistance to hostile enchantments.
   It affects your magic capacity (+9).
   It has a curse placed upon it.
Jewellery
 f - an uncursed ring of protection from cold
 j - a +5 ring of slaying (left hand)
 B - a ring of resist corrosion (right hand)
Wands
 o - a wand of polymorph (16)
 y - a wand of iceblast (12)
 D - a wand of paralysis (7)
Scrolls
 r - 2 scrolls of blinking
 t - 4 scrolls of teleportation
 A - 2 scrolls of fear
 E - a scroll of amnesia
 J - a scroll of noise {unknown}
 K - 4 scrolls of identify
Potions
 d - a potion of might
 g - 2 potions of lignification
 h - 2 potions of degeneration
 i - 2 potions of curing
 k - 2 potions of heal wounds
 n - 2 potions of agility
 p - 2 potions of magic
 s - a potion of haste
 u - a potion of berserk rage
 v - a potion of mutation
 z - 2 potions of flight
 F - a potion of invisibility
 G - 2 potions of resistance
 L - a potion of brilliance {unknown}
Comestibles
 e - 20 rations {!d}
 M - 4 chunks of flesh


   Skills:
 + Level 9.3 Fighting
 + Level 13.3 Maces & Flails
   Level 5.9 Slings
 + Level 10.8 Armour
 + Level 1.2 Stealth
 + Level 10.6 Shields
 + Level 5.9 Invocations


You had 10 spell levels left.
You knew the following spells:

 Your Spells              Type           Power        Failure   Level  Hunger
a - Sandblast             Erth           #.....       100%        1    ##.....

Your spell library contained the following spells:

 Spells                   Type           Power        Failure   Level  Hunger
 Apportation              Tloc           #.....       100%        1    ##.....
 Infusion                 Chrm           #.......     100%        1    ##.....
 Slow                     Hex            #.......     100%        1    ##.....
 Summon Butterflies       Summ           #.......     100%        1    ##.....


Dungeon Overview and Level Annotations

Branches:
Dungeon (10/12)            Temple (1/1) D:4            Lair (0/6) D:9
    Orc: D:8-11

Altars:
Ashenzari
Cheibriados
Dithmenos
Elyvilon
Fedhas
Gozag
Hepliaklqana
Kikubaaqudgha
Lugonu
Makhleb
Nemelex Xobeh
Okawaru
Qazlal
Ru
Sif Muna
Trog
Uskayaw
Vehumet
Wu Jian
Xom
Yredelemnul
Zin
The Shining One

Shops:
D:8 *

Annotations:
D:3 exclusion: oklob plant


Innate Abilities, Weirdness & Mutations

You reflexively headbutt those who attack you in melee.
You have a pair of horns on your head.


Message History

You feel better.
The orc priest mumbles some strange prayers to Beogh against something.
Beogh smites you!
* * * LOW HITPOINT WARNING * * *
You feel much better. The enormous slime creature hits you!!
* * * LOW HITPOINT WARNING * * *
You hear a shout!
Okay, then.
You feel very mighty all of a sudden.
You hear a shout!
The enormous slime creature barely misses you.
The orc cheers noisily.
You completely miss the enormous slime creature.
You block the enormous slime creature's attack.
You bludgeon the enormous slime creature!!
You headbutt the enormous slime creature!!
The enormous slime creature is lightly wounded.
The enormous slime creature hits you!!!
Ouch! That really hurt!
You die...

#### ###############
..... .............. ...
.........^.<. ...
............ ##'#
###.##########
...#..o#####...###
...'.8oJ@.)..8)).########
...#.oo#####.))#)).......
##o# +####.[....... #.
########## # # # # # #


You could see an enormous slime creature, an orc priest and 4 orcs.

Vanquished Creatures
  A hydra (D:8)
  A centaur warrior (D:9)
  Pikel (D:6)
  A cyclops (D:8)
  2 centaur skeletons (D:9)
  2 trolls
  A slime creature (D:9)
  3 hippogriffs
  A wraith (Ossuary)
  A spriggan (D:7)
  9 yaks (D:9)
  5 basilisks
  2 hungry ghosts
  A crocodile (D:9)
  4 porcupines (D:9)
  5 ice beasts
  2 orc warriors (D:10)
  2 slaves (D:6)
  3 sky beasts
  4 ogres
  A phantom (D:5)
  4 centaurs
  A big kobold (D:8)
  2 bullfrogs
  An elf zombie (D:4)
  An elf skeleton (D:4)
  4 scorpions
  3 killer bees (D:8)
  A wight (D:7)
  2 centaur zombies
  3 crimson imps
  2 bullfrog zombies
  A gnoll shaman (D:5)
  3 hounds
  Crazy Yiuf (D:2)
  3 orc priests
  A human zombie (D:4)
  2 iguanas
  7 orc wizards
  Jessica (D:2)
  4 human skeletons (D:4)
  7 worker ants
  A hound zombie (D:7)
  A hound skeleton (D:3)
  A mummy (Ossuary)
  7 gnolls
  A howler monkey skeleton (D:2)
  A worker ant zombie (D:6)
  7 adders
  3 shadow imps
  An ooze (D:2)
  3 worms
  2 dart slugs
  7 leopard geckos
  36 orcs
  A giant cockroach (D:3)
  3 goblins
  11 hobgoblins
  12 jackals
  2 quokkas
  A ball python (D:1)
  5 bats
  3 frilled lizards
  3 gnoll skeletons (Ossuary)
  A jackal skeleton (D:2)
  11 kobolds
  11 kobold skeletons (Ossuary)
  14 orc skeletons
  An orc zombie (D:4)
  A quokka zombie (D:5)
  9 rats
266 creatures vanquished.

Vanquished Creatures (others)
  A fungus (D:9)
  12 plants
  9 toadstools (D:3)
22 creatures vanquished.

Grand Total: 288 creatures vanquished

Notes
Turn   | Place    | Note
-------+----------+-------------------------------------------
     0 | D:1      | funkygono the Minotaur Fighter began the quest for the Orb.
     0 | D:1      | Reached XP level 1. HP: 19/19 MP: 0/0
   105 | D:1      | Reached XP level 2. HP: 22/27 MP: 1/1
   735 | D:1      | Reached skill level 3 in Maces & Flails
  1100 | D:2      | Reached XP level 3. HP: 30/33 MP: 2/2
  1492 | D:2      | Found a runed door.
  1496 | D:2      | Noticed Crazy Yiuf
  1499 | D:2      | Killed Crazy Yiuf
  1499 | D:2      | Reached XP level 4. HP: 40/40 MP: 3/3
  1700 | D:2      | Noticed Jessica
  1703 | D:2      | Killed Jessica
  1703 | D:2      | Reached skill level 1 in Slings
  1894 | D:2      | Found a sparkling altar of Nemelex Xobeh.
  1977 | D:2      | Found a sacrificial altar of Ru.
  2019 | D:3      | Reached XP level 5. HP: 46/46 MP: 4/4
  2162 | D:3      | Reached skill level 5 in Shields
  2213 | D:3      | Found a faded altar of an unknown god.
  2285 | D:3      | Found a blossoming altar of Fedhas.
  2304 | D:3      | Noticed an oklob plant
  2664 | D:3      | Reached XP level 6. HP: 53/53 MP: 5/5
  3039 | D:4      | Found a staircase to the Ecumenical Temple.
  3482 | D:4      | Reached skill level 5 in Slings
  3605 | D:4      | Found a sand-covered staircase.
  3610 | Ossuary  | Entered an ossuary
  3610 | Ossuary  | Noticed a wraith
  3610 | Ossuary  | Noticed a wraith
  3610 | Ossuary  | Noticed a wraith
  3663 | Ossuary  | Noticed a wraith
  3697 | Ossuary  | Killed a wraith
  3697 | Ossuary  | Reached XP level 7. HP: 30/60 MP: 6/6
  3973 | Temple   | Entered the Ecumenical Temple
  4007 | Temple   | Became a worshipper of the Shining One
  4322 | D:4      | Reached skill level 5 in Armour
  4347 | D:4      | Reached skill level 4 in Maces & Flails
  4379 | D:4      | Reached * piety under the Shining One
  4495 | D:5      | Entered Level 5 of the Dungeon
  4530 | D:5      | Reached skill level 5 in Fighting
  4530 | D:5      | Reached skill level 5 in Maces & Flails
  4638 | D:5      | Reached XP level 8. HP: 64/68 MP: 7/7
  4759 | D:5      | Found a shimmering altar of Xom.
  4759 | D:5      | Found a shattered altar of Ashenzari.
  4811 | D:5      | Reached skill level 6 in Maces & Flails
  5090 | D:5      | Reached skill level 7 in Maces & Flails
  5737 | D:6      | Identified the cursed +0 ring mail "Kauxzis" {MR- MP+9
                  | Int+7}
  5810 | D:6      | Noticed a hippogriff
  5810 | D:6      | Reached ** piety under the Shining One
  5816 | D:6      | Killed a hippogriff
  5816 | D:6      | Reached skill level 8 in Maces & Flails
  5860 | D:6      | Found a hide-covered altar of Uskayaw.
  6026 | D:6      | Noticed Pikel
  6049 | D:6      | Killed Pikel
  6049 | D:6      | Reached skill level 9 in Maces & Flails
  6049 | D:6      | Reached XP level 9. HP: 61/75 MP: 8/8
  6582 | D:7      | Noticed a troll
  6592 | D:7      | Killed a troll
  6592 | D:7      | Reached skill level 1 in Invocations
  6718 | D:7      | Found a shimmering blue altar of Sif Muna.
  7022 | D:7      | Found a burning altar of Makhleb.
  7507 | D:8      | Reached skill level 10 in Maces & Flails
  7613 | D:8      | Reached XP level 10. HP: 43/84 MP: 11/11
  8137 | D:8      | Found Wipputics's Assorted Antiques.
  8212 | D:8      | Reached skill level 11 in Maces & Flails
  8394 | D:8      | Noticed a six-headed hydra
  8399 | D:8      | Killed a six-headed hydra
  8621 | D:8      | Noticed a cyclops
  8631 | D:8      | Killed a cyclops
  8646 | D:8      | Learned a level 1 spell: Sandblast
  8699 | D:8      | Found a bloodstained altar of Trog.
  8735 | D:8      | Reached skill level 12 in Maces & Flails
  8735 | D:8      | Reached skill level 5 in Invocations
  8735 | D:8      | Reached XP level 11. HP: 95/95 MP: 12/14
  8810 | D:9      | Reached skill level 10 in Shields
  8812 | D:9      | Reached skill level 10 in Armour
  8824 | D:9      | Reached *** piety under the Shining One
  8899 | D:9      | Found a staircase to the Lair.
  9134 | D:9      | Reached skill level 13 in Maces & Flails
  9349 | D:9      | Noticed a centaur warrior
  9359 | D:9      | Killed a centaur warrior
  9359 | D:9      | Reached skill level 1 in Stealth
  9359 | D:9      | Reached XP level 12. HP: 99/104 MP: 15/15
  9363 | D:9      | Found an ancient bone altar of Kikubaaqudgha.
  9861 | D:10     | Entered Level 10 of the Dungeon
  9997 | D:10     | Annihilated by an enormous slime creature

Skill      XL: |  1  2  3  4  5  6  7  8  9 10 11 |
---------------+----------------------------------+-----
Fighting       | 4 5 6 8 9 |  9.3
Maces & Flails | 3 5 9 10 12 13 | 13.3
Armour         | 4 5 6 8 9 10 | 10.8
Shields        | 4 5 6 7 9 10 | 10.6
Slings         | 1 3 5 |  5.9
Invocations    | 3 5 |  5.9
Stealth        | 1 |  1.2

Action                   |  1- 3 |  4- 6 |  7- 9 | 10-12 || total
-------------------------+-------+-------+-------+-------++-------
Melee: Flail             |    73 |       |   238 |   195 ||   506
       Headbutt          |    13 |       |    44 |    36 ||    93
 Fire: Hunting sling     |       |   224 |       |       ||   224
  Use: Scroll            |     3 |     7 |    15 |     2 ||    27
       Potion            |       |       |     2 |     3 ||     5
  Eat: Chunk             |     2 |     6 |     7 |     5 ||    20
       Ration            |       |       |     2 |     1 ||     3
Armor: Scale mail        |    40 |    35 |    60 |       ||   135
       Plate armour      |       |       |    52 |    73 ||   125
Dodge: Dodged            |    24 |    22 |    64 |    32 ||   142
Block: Medium shield     |    40 |    59 |   144 |    80 ||   323
